Map: [ESL] Blackburn

Players

ShoWTimE

  • Race: Protoss Protoss

TIME (Oliveira) - Winner!

  • Race: Terran Terran

Event: IEM Katowice 2022

VOD

Have the link to the VOD?

Description

Time

  • Played on: Feb. 24, 2022, 10:48 a.m.
  • Length: 19:15

All games in this series

Show
View Real Time Build Order
Export as new Build Order

ShoWTimE Protoss 

Build Orders: 1 Gate Expand, Phoenix Opening, Carriers 

Get SALT Encoding   

  12  0:00  Probe  
  13  0:12  Probe  
  14  0:17  Pylon  
  14  0:24  Probe (Chrono Boost)  
  15  0:36  Gateway, Probe (Chrono Boost)  
  16  0:43  Probe (Chrono Boost)  
  16  0:45  Assimilator  
  17  0:51  Probe  
  18  1:03  Probe  
  19  1:15  Probe  
  20  1:23  Nexus  
  20  1:32  Cybernetics Core  
  20  1:35  Probe  
  21  1:40  Assimilator  
  21  1:47  Probe  
  21  1:51  Pylon  
  22  1:59  Probe  
  23  2:06  Adept (Chrono Boost)  
  23  2:12  Probe  
  26  2:20  Shield Battery  
  26  2:21  Stargate  
  26  2:25  Probe  
  26  2:29  Adept (Chrono Boost)  
  27  2:36  Probe  
  30  2:38  Probe  
  31  2:48  Probe  
  31  2:51  Probe (Chrono Boost), Adept  
  35  3:00  Probe (Chrono Boost)  
  37  3:07  Phoenix (Chrono Boost)  
  37  3:08  Probe (Chrono Boost)  
  37  3:09  Probe (Chrono Boost)  
  40  3:14  Probe (Chrono Boost)  
  40  3:16  Probe  
  40  3:18  Pylon  
  42  3:21  Adept  
  42  3:24  Phoenix (Chrono Boost)  
  46  3:32  Shield Battery  
  46  3:36  Probe x2  
  48  3:46  Phoenix (Chrono Boost)  
  50  3:48  Probe x2  
  50  3:54  Adept  
  52  4:01  Probe x2  
  51  4:03  Phoenix  
  53  4:11  Warp Gate (Chrono Boost)  
  53  4:13  Probe  
  54  4:20  Probe  
  54  4:27  Probe  
  53  4:32  Probe, Adept  
  53  4:34  Pylon  
  54  4:39  Pylon  
  54  4:40  Assimilator  
  54  4:45  Assimilator  
  54  4:46  Robotics Facility  
  54  4:51  Gateway  
  54  4:52  Probe x2  
  58  4:53  Gateway  
  59  5:05  Probe  
  60  5:07  Pylon  
  60  5:09  Probe  
  60  5:10  Adept  
  63  5:16  Nexus  
  63  5:20  Pylon  
  63  5:21  Probe x2  
  62  5:28  Phoenix  
  62  5:31  Immortal (Chrono Boost)  
  66  5:38  Shield Battery  
  66  5:39  Pylon  
  66  5:42  Pylon  
  66  5:47  Robotics Bay  
  66  5:53  Phoenix  
  66  5:55  Adept x2  
  66  5:56  Adept  
  74  6:02  Observer (Chrono Boost)  
  75  6:10  Probe  
  66  6:14  Observer  
  66  6:17  Adept x3  
  54  6:18  Phoenix  
  65  6:22  Probe  
  68  6:27  Probe  
  69  6:39  Colossus (Chrono Boost)  
  63  6:41  Nexus  
  70  6:51  Stalker  
  70  6:54  Stalker  
  71  6:55  Pylon  
  71  7:00  Probe  
  70  7:03  Stalker  
  70  7:04  Probe  
  71  7:12  Probe, Phoenix (Chrono Boost)  
  74  7:19  Nexus  
  74  7:22  Probe  
  75  7:24  Probe  
  75  7:29  Colossus (Chrono Boost)  
  76  7:34  Probe  
  76  7:36  Probe  
  84  7:38  Sentry x2  
  84  7:42  Pylon  
  88  7:46  Probe  
  88  7:47  Twilight Council  
  89  7:53  Shield Battery, Probe  
  89  7:54  Probe  
  89  7:56  Extended Thermal Lance (Chrono Boost)  
  90  7:58  Probe  
  91  8:06  Probe x2  
  91  8:11  Sentry, Probe  
  91  8:12  Zealot  
  98  8:15  Charge (Chrono Boost)  
  98  8:18  Colossus (Chrono Boost), Probe x2  
  106  8:28  Gateway  
  106  8:30  Gateway  
  106  8:34  Gateway  
  106  8:35  Probe  
  106  8:36  Probe  
  106  8:38  Probe  
  106  8:39  Probe  
  110  8:43  Observer  
  110  8:44  Phoenix (Chrono Boost)  
  112  8:48  Zealot x2  
  112  8:51  Zealot  
  118  9:00  Gateway  
  118  9:01  Gateway  
  118  9:03  Pylon  
  118  9:07  Phoenix (Chrono Boost)  
  120  9:17  Colossus (Chrono Boost), Zealot x3  
  132  9:25  Phoenix  
  132  9:26  Pylon  
  134  9:33  Zealot x3  
  134  9:35  Probe x2  
  134  9:37  Pylon  
  142  9:47  Forge x2  
  142  9:50  Blink (Chrono Boost), Probe x3  
  142  9:51  Probe  
  146  9:54  Assimilator  
  146  9:55  Observer  
  146  9:58  Assimilator  
  144  10:01  Zealot x8  
  160  10:08  Warp Prism (Chrono Boost)  
  160  10:09  Pylon  
  160  10:10  Pylon  
  160  10:13  Protoss Ground Armor Level 1 (Chrono Boost)  
  162  10:21  Probe x3  
  162  10:23  Pylon  
  162  10:25  Pylon  
  162  10:27  Probe  
  165  10:30  Stalker x3  
  165  10:31  Protoss Ground Weapons Level 1 (Chrono Boost)  
  171  10:36  Stalker x2  
  171  10:40  Immortal  
  179  10:48  Zealot x3  
  175  10:55  Shield Battery x2  
  175  10:56  Pylon  
  175  11:09  Zealot x4  
  175  11:10  Gateway, Zealot x3  
  189  11:12  Gateway  
  189  11:13  Zealot  
  179  11:30  Nexus  
  179  11:31  Zealot x5  
  179  11:32  Zealot  
  180  11:37  Zealot x2  
  144  11:46  Probe x2  
  114  11:56  Sentry  
  114  11:57  Templar Archives, Sentry, Zealot x6  
  130  12:07  Probe x3  
  130  12:08  Probe  
  134  12:14  Protoss Ground Armor Level 2 (Chrono Boost)  
  134  12:17  Stalker x2  
  134  12:18  Stalker, Zealot x3  
  134  12:22  Zealot x2  
  150  12:24  Protoss Ground Weapons Level 2 (Chrono Boost)  
  150  12:30  Zealot x2  
  150  12:32  Pylon  
  150  12:35  Disruptor (Chrono Boost)  
  155  12:46  Probe  
  155  12:50  High Templar x7  
  155  12:51  High Templar x2  
  174  12:54  Archon x4  
  174  12:55  High Templar  
  176  13:00  Archon  
  176  13:06  Disruptor  
  176  13:11  Gateway  
  176  13:12  Gateway  
  179  13:23  Zealot x7  
  179  13:24  Zealot x2  
  197  13:32  Fleet Beacon  
  197  13:34  Assimilator  
  197  13:35  Protoss Air Weapons Level 1 (Chrono Boost)  
  197  13:36  Stargate  
  197  13:37  Assimilator  
  197  13:45  Disruptor  
  200  13:56  Photon Cannon  
  200  13:58  Photon Cannon  
  200  14:00  Pylon  
  200  14:02  Shield Battery  
  198  14:17  Stargate  
  198  14:20  Robotics Facility  
  198  14:29  Nexus  
  198  14:30  Pylon  
  193  14:43  Carrier (Chrono Boost)  
  191  14:46  Gateway  
  191  14:48  Gateway  
  191  14:50  Carrier (Chrono Boost)  
  195  15:06  Protoss Ground Weapons Level 3, Protoss Ground Armor Level 3  
  195  15:14  Pylon  
  195  15:15  Carrier (Chrono Boost)  
  193  15:29  Shield Battery  
  193  15:31  Photon Cannon  
  193  15:33  Photon Cannon, Carrier (Chrono Boost)  
  199  15:37  Protoss Air Weapons Level 2 (Chrono Boost)  
  193  15:50  Dark Shrine  
  193  15:53  Carrier (Chrono Boost)  
  189  16:00  Stalker  
  189  16:01  Zealot x5  
  198  16:11  Disruptor  
  193  16:14  Zealot x2  
  193  16:15  Zealot  
  191  16:22  Carrier (Chrono Boost), Zealot x9  
  191  16:23  Zealot  
  156  16:26  Carrier (Chrono Boost)  
  133  16:34  Stalker  
  133  16:35  Stalker, Zealot x2  
  141  16:42  Stalker x3  
  141  16:43  Zealot x6  
  141  16:44  Zealot  
  152  16:52  Disruptor (Chrono Boost)  
  142  17:01  Zealot x4  
  142  17:08  Zealot x10  
  128  17:31  Zealot x8  
  119  18:12  Observer (Chrono Boost)  
  120  18:13  Nexus, High Templar x4  
  120  18:18  Archon  
  106  18:36  High Templar x4  
  92  18:41  Archon  
  92  18:42  Archon  
  68  18:49  High Templar x2  
  68  18:53  Archon  
Show
View Real Time Build Order
Export as new Build Order

TIME Terran - Winner!

Build Orders: 1/1/1 

Get SALT Encoding   

  12  0:00  SCV  
  13  0:12  SCV  
  14  0:17  Supply Depot  
  14  0:24  SCV  
  14  0:28  Refinery  
  15  0:38  SCV  
  16  0:44  Barracks  
  16  0:50  SCV  
  17  0:57  Supply Depot  
  17  1:03  SCV  
  18  1:15  SCV  
  19  1:31  Marine  
  19  1:32  Orbital Command  
  20  1:34  Factory  
  20  1:39  Refinery  
  20  1:55  Barracks Reactor  
  20  1:58  SCV  
  21  2:10  SCV  
  22  2:18  Hellion, Starport  
  22  2:20  Supply Depot  
  22  2:22  SCV  
  25  2:32  Marine x2  
  25  2:34  SCV  
  28  2:40  Hellion  
  30  2:50  Marine x2  
  32  2:55  Supply Depot, Medivac  
  34  3:02  Hellion  
  36  3:08  Marine x2  
  38  3:30  Command Center  
  38  3:35  Marine x2  
  38  3:36  Factory Tech Lab  
  38  3:37  Starport Tech Lab  
  38  3:39  SCV  
  41  3:52  Marine  
  41  3:53  Marine  
  41  3:55  SCV  
  42  4:03  Cyclone  
  42  4:05  Banshee  
  42  4:08  SCV  
  47  4:10  Cloaking Field  
  47  4:20  Marine  
  47  4:22  Marine  
  47  4:23  SCV  
  41  4:36  Cyclone  
  41  4:37  Marine  
  41  4:38  SCV  
  44  4:40  Marine  
  44  4:45  Orbital Command  
  45  4:52  Banshee  
  48  4:54  SCV  
  48  4:55  Marine  
  48  4:58  Marine  
  51  5:02  Orbital Command  
  51  5:07  SCV  
  51  5:08  Cyclone  
  51  5:13  Marine  
  56  5:15  Supply Depot  
  56  5:16  Marine  
  56  5:20  SCV  
  58  5:27  SCV  
  59  5:32  SCV  
  59  5:35  Marine x2  
  57  5:39  Banshee, SCV  
  57  5:41  Supply Depot  
  63  5:48  Cyclone  
  66  5:50  SCV  
  66  5:53  Marine x2  
  66  5:54  SCV  
  70  6:05  Command Center  
  67  6:12  Marine  
  67  6:13  SCV  
  67  6:15  SCV  
  66  6:19  Supply Depot, Marine  
  66  6:25  SCV  
  66  6:29  SCV  
  66  6:30  Marine  
  63  6:37  SCV, Marine  
  59  6:41  SCV, Siege Tank  
  59  6:46  Supply Depot  
  63  6:47  Barracks x2  
  63  6:48  Marine  
  63  6:50  SCV  
  66  7:02  SCV  
  63  7:08  SCV  
  63  7:11  Refinery x2, Engineering Bay  
  63  7:12  Engineering Bay, Starport Reactor  
  63  7:14  SCV  
  65  7:17  Siege Tank  
  65  7:18  Marine, Stimpack  
  65  7:21  Orbital Command  
  69  7:23  SCV  
  69  7:27  SCV, Barracks  
  69  7:29  Barracks  
  71  7:35  SCV  
  72  7:37  Barracks Tech Lab  
  72  7:39  SCV  
  72  7:40  Terran Infantry Weapons Level 1, Terran Infantry Armor Level 1  
  72  7:43  Marine  
  74  7:45  Orbital Command  
  74  7:48  SCV  
  74  7:49  Viking x2  
  74  7:51  Marine x2  
  81  7:53  SCV  
  81  7:56  Supply Depot  
  81  7:58  Siege Tank  
  82  7:59  Marauder  
  82  8:01  SCV  
  82  8:04  Combat Shield  
  82  8:05  SCV  
  86  8:07  Marauder  
  86  8:09  Supply Depot  
  86  8:11  SCV  
  86  8:12  Marine x2  
  91  8:13  SCV  
  91  8:17  SCV, Barracks Reactor  
  91  8:18  Barracks Tech Lab  
  93  8:23  Supply Depot, SCV  
  93  8:24  Marauder  
  93  8:25  SCV, Viking  
  99  8:29  Viking  
  99  8:31  SCV  
  99  8:32  Marine, Marauder  
  105  8:34  Marine  
  105  8:36  SCV  
  105  8:37  SCV  
  105  8:38  Marauder  
  110  8:43  Refinery x2  
  110  8:46  SCV  
  111  8:48  Siege Tank  
  111  8:49  Supply Depot  
  111  8:50  Supply Depot  
  111  8:51  Marauder  
  111  8:55  Marauder  
  118  8:56  Marine x3  
  118  8:59  SCV x2  
  118  9:01  SCV  
  124  9:02  Medivac  
  124  9:07  Marauder  
  128  9:14  Armory  
  122  9:19  Marauder x2  
  122  9:22  Marine x2  
  128  9:29  Missile Turret  
  128  9:35  Viking, Siege Tank  
  128  9:37  Command Center  
  128  9:38  Viking  
  135  9:42  Marauder x2  
  135  9:43  Marauder  
  141  9:54  Supply Depot x2, SCV x3  
  141  9:56  Missile Turret  
  144  10:02  Terran Infantry Armor Level 2, Terran Infantry Weapons Level 2  
  144  10:03  Marauder  
  146  10:07  Medivac  
  146  10:11  Supply Depot  
  148  10:16  Marauder x2, Medivac  
  148  10:18  Marine  
  148  10:21  Concussive Shells  
  155  10:26  Supply Depot  
  155  10:28  Ghost Academy  
  155  10:29  Marauder, Marine x3  
  155  10:30  Supply Depot  
  155  10:34  Siege Tank  
  163  10:39  Marauder x2, Marine  
  163  10:41  Medivac  
  163  10:42  SCV  
  171  10:43  SCV  
  167  10:51  Marauder  
  167  10:53  Marine  
  167  10:55  Marine x2  
  172  11:00  Ghost, Marauder  
  176  11:05  Supply Depot  
  176  11:16  Marine x2  
  176  11:17  Marauder, Marine  
  181  11:21  Viking x2, Siege Tank  
  181  11:24  Ghost  
  181  11:25  Marine  
  185  11:26  SCV  
  147  11:40  Marine x2, Marauder  
  147  11:44  Ghost, Marine  
  147  11:45  SCV  
  124  11:48  SCV  
  124  11:49  Marine  
  124  11:50  SCV  
  124  11:52  Ghost  
  124  11:53  Viking x2  
  115  11:57  SCV  
  115  12:00  Marine x2  
  118  12:02  Marauder  
  118  12:04  Widow Mine  
  118  12:05  Planetary Fortress  
  118  12:07  Marine  
  123  12:13  Marauder  
  123  12:15  SCV x2  
  127  12:18  Barracks  
  127  12:21  Barracks, Marauder  
  129  12:23  Barracks  
  129  12:24  Enhanced Shockwaves  
  129  12:25  Marine  
  129  12:26  Missile Turret  
  129  12:28  Marine  
  129  12:29  Marine  
  125  12:30  Marauder  
  125  12:33  Marine  
  125  12:34  Marauder  
  125  12:36  Terran Infantry Weapons Level 3  
  130  12:43  Marine, Marauder  
  133  12:45  Supply Depot  
  133  12:47  Siege Tank  
  133  12:48  Supply Depot x2, Marine x2  
  136  12:51  SCV, Marauder  
  136  12:52  SCV  
  136  12:53  Medivac  
  136  12:58  SCV  
  143  13:03  Marauder  
  143  13:05  Missile Turret, Marine  
  146  13:06  Medivac  
  146  13:11  Barracks Reactor, Barracks Tech Lab x2  
  148  13:15  Command Center  
  148  13:16  Marine  
  148  13:19  Marine  
  150  13:22  Siege Tank  
  150  13:24  Refinery, Marine  
  150  13:25  Medivac  
  150  13:26  Refinery  
  156  13:30  Marine  
  156  13:31  Marine x2  
  159  13:36  Marauder x2  
  159  13:40  Terran Infantry Armor Level 3  
  159  13:43  SCV  
  160  13:49  Marauder x2  
  164  13:55  Ghost  
  164  13:56  Ghost  
  164  13:58  SCV  
  164  14:01  Viking  
  171  14:03  Viking  
  173  14:10  Missile Turret  
  173  14:16  Ghost  
  173  14:17  Missile Turret  
  175  14:19  Marauder  
  175  14:23  Factory Reactor, Sensor Tower  
  177  14:29  Ghost x2  
  177  14:55  Marine x2  
  177  14:56  Marauder  
  177  14:59  Marine x2  
  180  15:00  Marauder  
  175  15:14  Marauder  
  175  15:15  Planetary Fortress  
  175  15:16  Missile Turret, Marine x3  
  175  15:17  Marauder x2  
  175  15:19  SCV x2  
  182  15:21  Marine x2  
  182  15:22  Marauder  
  182  15:23  Marine  
  182  15:24  Marauder  
  182  15:26  Widow Mine x2  
  193  15:34  Marine x2  
  193  15:42  Ghost  
  191  15:44  Marine x2, Marauder  
  191  15:49  SCV  
  195  15:54  Marine x2  
  195  15:55  Marine, Marauder  
  195  15:56  Ghost  
  199  16:03  Marine  
  193  16:23  Marine x4  
  193  16:24  Marauder x2  
  160  16:26  Marine x3  
  160  16:27  Marauder x2, Medivac x2  
  160  16:28  Widow Mine x2  
  160  16:31  SCV  
  163  16:41  Marine x4  
  163  16:44  Marine, Marauder  
  169  16:47  Marine x2  
  169  16:51  Marine  
  169  16:52  Widow Mine  
  169  16:53  Widow Mine, SCV  
  177  16:57  Medivac x2  
  177  16:59  Ghost  
  164  17:02  Marine x2  
  164  17:03  Marauder, Marine  
  164  17:04  Marine  
  168  17:10  Ghost  
  168  17:14  Widow Mine  
  171  17:17  Marine x2  
  157  17:43  Marine  
  156  17:45  Marine x3  
  156  17:46  SCV x2  
  156  17:47  Widow Mine  
  156  17:49  Marine x2, Marauder x2  
  156  17:51  Medivac x2  
  143  17:52  Widow Mine  
  143  17:53  Marine x2  
  143  17:58  Marine  
  137  18:06  Marine x2  
  137  18:07  Marine x3  
  137  18:08  Marine  
  137  18:10  Widow Mine, Marine  
  137  18:11  Marauder  
  148  18:18  Orbital Command  
  148  18:19  Marine  
  149  18:26  Marine  
  143  18:32  Marine x2  
  143  18:33  Marine, Marauder x2  
  143  18:34  Widow Mine  
  138  18:36  Marine x2  
  138  18:37  Marauder  
  138  18:39  Marine  
  138  18:41  Widow Mine  
  139  18:42  SCV  
  138  18:52  Supply Depot  
  138  18:53  Marine  
  138  18:54  Marine  
  139  18:55  Supply Depot  
  139  18:56  Marine  

Tags
 
Add a new tag
Caveats
  • Supply blocks, unpowered buildings, or Contaminate may cause inaccurate times.
  • Supply counts are checked every 10 seconds.